 Dungeon Crawl Stone Soup version bcrawl-1.12.2 (webtiles) character file.

Game seed: 9913606119761999775

95 Ebbett the Shooter (level 4, -4/37 HPs)
             Began as a Centaur Hunter on July 24, 2019.
             Was a Follower of Lugonu.
             Slain by a goblin
             ... wielding a +0 club
             ... led by Robin
              (8 damage)
             ... on level 2 of the Dungeon.
             The game lasted 00:09:39 (1307 turns).

Ebbett the Shooter (Centaur Hunter)                 Turns: 1307, Time: 00:09:39

Health: -4/37      AC:  4    Str: 15    XL:     4   Next: 40%
Magic:  4/4        EV:  9    Int: 10    God:    Lugonu [*.....]
Gold:   187        SH:  2    Dex: 10    Spells: 3/3 levels left

rFire    . . .     SeeInvis .   a - +2 shortbow
rCold    . . .     Gourm    .   (shield currently unavailable)
rNeg     . . .     Faith    .   c - +0 leather armour
rPois    .         Spirit   .   (no helmet)
rElec    .         Reflect  +   (no cloak)
rCorr    .         Harm     .   (no gloves)
MR       .....                  (no barding)
Stlth    +.........             q - +2 amulet of reflection
HPRegen  0.12/turn              (no ring)
MPRegen  0.09/turn              (no ring)

@: very quick
A: large, hooves 3, deformed body, speed 2, tough skin 3
a: Depart the Abyss, Renounce Religion


You were on level 2 of the Dungeon.
You worshipped Lugonu.
Lugonu was aware of your devotion.
You were not hungry.

You visited 1 branch of the dungeon, and saw 2 of its levels.

You collected 187 gold pieces.

Inventory:

Hand Weapons
 a - a +2 shortbow (weapon)
 b - a +0 short sword
Missiles
 d - 349 arrows (quivered)
Armour
 c - a +0 leather armour (worn)
Jewellery
 e - an uncursed ring of poison resistance {unknown}
 q - a +2 amulet of reflection (around neck)
Wands
 p - a wand of paralysis (6)
Scrolls
 i - a scroll of identify
 j - a scroll of amnesia
 k - 3 scrolls of teleportation
 l - 3 scrolls of enchant weapon
Comestibles
 f - 5 rations {!d}


   Skills:
 + Level 2.3 Fighting
 + Level 7.1 Bows
 + Level 0.1 Armour
 + Level 2.0 Dodging
 + Level 0.5 Stealth


You had 3 spell levels left.
You didn't know any spells.
Your spell library was empty.

Dungeon Overview and Level Annotations

Branches:
Dungeon (2/12)

Altars:
Fedhas
Lugonu
Wu Jian
Yredelemnul

Annotations:
D:2 Robin


Innate Abilities, Weirdness & Mutations

You have hooves in place of feet.
Armour fits poorly on your strangely shaped body.
You cover ground very quickly.
You have extremely tough skin. (AC +3)


Message History

Aim: a hobgoblin (unusually strong)
You shoot an arrow. The arrow hits the hobgoblin!
You kill the hobgoblin!
Lugonu accepts your kill. The hobgoblin hits you with a +0 club.
The hobgoblin hits you but does no damage.
The goblin closely misses you.
Robin hits you from afar with a cursed -2 spear.
* * * LOW HITPOINT WARNING * * *
Firing (i - inventory)
d - 350 arrows (quivered)
Press: ? - help, Shift-Dir - straight line, f - goblin
Aim: a goblin (unusually strong)
You shoot an arrow. The arrow hits the goblin!
You kill the goblin!
Lugonu accepts your kill.
The hobgoblin hits you but does no damage.
The hobgoblin hits you with a +0 club.
* * * LOW HITPOINT WARNING * * *
Robin hits you but does no damage. The goblin hits you with a +0 club!
You die...

#.........# #
#.........# #
#.........#
####.........#######
...................#
...................#
...................#
................g†.#
...............)@).#
...............g.g.#
................g..#
...................#
....(.....#........#
.#......,.......†..#
.###..#**....[..†..#*
..##.######.........*
#...............,,,,*


You could see Robin, 2 hobgoblins and a goblin.

Vanquished Creatures
  Jessica (D:2)
  An ooze (D:2)
  2 dart slugs (D:1)
  2 leopard geckos (D:1)
  7 bats
  A giant cockroach (D:1)
  9 hobgoblins
  12 jackals
  2 quokkas (D:2)
  A frilled lizard (D:2)
  9 goblins
  2 kobolds (D:1)
  A rat (D:1)
50 creatures vanquished.

Notes
Turn   | Place    | Note
-------+----------+-------------------------------------------
     0 | D:1      | Ebbett the Centaur Hunter began the quest for the Orb.
     0 | D:1      | Reached XP level 1. HP: 17/17 MP: 1/1
    80 | D:1      | Reached XP level 2. HP: 22/24 MP: 2/2
   209 | D:1      | Reached skill level 6 in Bows
   337 | D:1      | Reached XP level 3. HP: 29/29 MP: 3/3
   787 | D:2      | Noticed Jessica
   789 | D:2      | Paralysed by Jessica for 2 turns
   793 | D:2      | Paralysed by Jessica for 2 turns
   798 | D:2      | Paralysed by Jessica for 3 turns
   802 | D:2      | Killed Jessica
   802 | D:2      | Reached XP level 4. HP: 18/36 MP: 4/4
   995 | D:2      | Found an ornate altar of the Wu Jian Council.
   995 | D:2      | Found a basalt altar of Yredelemnul.
   996 | D:2      | Found a blossoming altar of Fedhas.
  1003 | D:2      | Found a corrupted altar of Lugonu.
  1189 | D:2      | Became a worshipper of Fedhas Madash
  1224 | D:2      | Fell from the grace of Fedhas
  1224 | D:2      | Became a worshipper of Lugonu the Unformed
  1224 | D:2      | Reached * piety under Lugonu
  1243 | D:2      | Reached skill level 7 in Bows
  1293 | D:2      | Noticed Robin
  1307 | D:2      | Slain by a goblin

Skill      XL: |  1  2  3  4 |
---------------+-------------+-----
Bows           | 6 7 |  7.1
Dodging        | 2 |  2.0
Fighting       | |  2.3
Armour         | |  0.1
Stealth        | |  0.5

Action                   |  1- 3 |  4- 6 || total
-------------------------+-------+-------++-------
 Fire: Shortbow          |    89 |    42 ||   131
Invok: Fungal Bloom      |       |    11 ||    11
  Use: Scroll            |       |     5 ||     5
       Potion            |       |     3 ||     3
Armor: Leather armour    |    44 |    12 ||    56
Dodge: Dodged            |    35 |    20 ||    55
Block: Other             |       |     2 ||     2
